 Dungeon Crawl Stone Soup version 0.31-a0-128-g25add195a6 (webtiles) character file.

Game seed: 14205115715970894643

4375 senseless the Skirmisher (level 9, 0/81 HPs)
             Began as a Demigod Hunter on June 1, 2023.
             Slain by Erolcha
             ... wielding a +0 giant club
              (20 damage)
             ... on level 9 of the Dungeon.
             The game lasted 00:15:23 (7672 turns).

senseless the Skirmisher (Demigod Hunter)           Turns: 7672, Time: 00:15:24

Health: 0/81       AC: 12    Str: 15    XL:     9   Next: 90%
Magic:  11/11      EV: 20    Int: 11    God:
Gold:   535        SH:  0    Dex: 29    Spells: 8/8 levels left

rFire   + . .        a - +2 shortbow
rCold   . . .        (shield currently unavailable)
rNeg    . . .        q - +1 robe
rPois   .            t - +2 hat "Seewkaibb" {Will+ Str+3}
rElec   .            l - +0 cloak
rCorr   .            j - +1 pair of gloves
SInv    .            (no boots)
Will    +....        (no amulet)
Stlth   ++           i - +4 ring of protection
HPRegen 0.33/turn    r - ring of protection from fire
MPRegen 0.12/turn

%: no passive effects
@: hasted, very quick
A: high MP 1, forlorn, divine attributes
a: no special abilities


You were on level 9 of the Dungeon.
You visited 1 branch of the dungeon, and saw 9 of its levels.

You collected 535 gold pieces.

Inventory:

Hand Weapons
 a - a +2 shortbow (weapon)
 f - a +2 short sword of venom
 z - a +4 scimitar of flaming
Armour
 c - a +0 leather armour
 j - a +1 pair of gloves (worn)
 l - a +0 cloak (worn)
 q - a +1 robe (worn)
 t - the +2 hat "Seewkaibb" (worn) {Will+ Str+3}
   (You found it on level 5 of the Dungeon)

   Str:       It affects your strength (+3).
   Will:      It increases your willpower.
 F - +0 acid dragon scales
Jewellery
 i - a +4 ring of protection (left hand)
 o - a +6 ring of strength
 r - a ring of protection from fire (right hand)
 y - a ring of magical power
Wands
 p - a wand of digging (5)
 x - a wand of light (6)
 E - a wand of flame (13)
Scrolls
 b - a scroll of butterflies
 d - 4 scrolls of vulnerability
 w - a scroll of magic mapping
 C - 2 scrolls of fog
Potions
 e - 2 potions of curing
 g - 5 potions of heal wounds
 h - 2 potions of brilliance
 k - 2 potions of magic
 m - 2 potions of might
 n - a potion of haste
 s - a potion of degeneration {unknown}
 u - a potion of cancellation {unknown}
 v - 2 potions of berserk rage {unknown}
 A - 2 potions of enlightenment {unknown}
 B - a potion of mutation {unknown}


   Skills:
 + Level 8.1 Fighting
 + Level 8.7 Ranged Weapons
 + Level 8.0 Dodging
 - Level 0.8 Stealth


You had 8 spell levels left.
You didn't know any spells.
Your spell library contained the following spells:

 Spells                   Type           Power      Damage    Failure   Level
 Apportation              Tloc           0%         N/A       34%         1
 Poisonous Vapours        Pois/Air       0%         N/A       47%         2
 Mephitic Cloud           Conj/Pois/Air  0%         N/A       71%         3
 Alistair's Intoxication  Tmut/Pois      0%         N/A       100%        5
 Freezing Cloud           Conj/Ice/Air   0%         6-21      100%        5


Dungeon Overview and Level Annotations

Branches:
Dungeon (9/15)             Temple (0/1) D:7             Orc (0/2) D:9
   Lair: D:8-11

Shops:
D:3 :

Annotations:
D:9 Erolcha


Innate Abilities, Weirdness & Mutations

You have an increased reservoir of magic. (+10% MP)
You shall have no god before yourself.
Your divine heritage dramatically boosts your attributes as you level up.


Message History

As you open the door, it creaks loudly!
You hear a shout!
There is an open door here.
Found a stone staircase leading down.
You open the door.
There is an open door here.
There is a stone staircase leading down here.
There is an open door here.
You open the door.
There is an open door here.
Erolcha the Cunning comes into view.
She is wielding a +0 giant club.
There is an open door here.
You shoot an arrow.
The arrow hits Erolcha but does no damage.
You shoot an arrow. The arrow hits Erolcha.
Erolcha is lightly wounded.
You shoot an arrow. The arrow hits Erolcha.
Erolcha is lightly wounded.
Erolcha casts a spell.
Erolcha flickers and vanishes!
Deactivating autopickup; reactivate with Ctrl-A.
No target in view!
You feel yourself speed up.
You shoot an arrow. You shoot an arrow. Something hits you!!
You shoot an arrow. You shoot an arrow. Something barely misses you.
You shoot an arrow. You shoot an arrow. Something barely misses you.
You shoot an arrow. You shoot an arrow. You shoot an arrow. Something hits you!
You shoot an arrow. You shoot an arrow. Something hits you!
* * * LOW HITPOINT WARNING * * *
You shoot an arrow. You shoot an arrow. You shoot an arrow.
Something barely misses you.
You shoot an arrow. You shoot an arrow. Something hits you!!
You die...

##### #...# ####### #...#
#.....# #...##### #.....#
#........ ###.....# #........
........######## ###........
...............#####..........
................@{............
####.......##########'#####...
#.......#..............# ..
#.......#..............# .
#.....<.#..............#
#.......#.#####'####...#
#.......#.#........#...#
#.......#.#........#...#
#.......#.#........#...#


There were no monsters in sight!

Vanquished Creatures
  A two-headed ogre (D:8)
  Erica (D:8)
  Maggie (D:8)
  A hornet (D:8)
  Sigmund (D:4)
  A wyvern (D:9)
  A yak (D:8)
  A water moccasin (D:8)
  A sky beast (D:8)
  An ice beast (D:8)
  A black bear (D:6)
  2 ogres (D:5)
  A phantom (D:7)
  A kobold brigand (D:7)
  A gnoll sergeant (D:8)
  4 bullfrogs (D:8)
  3 scorpions
  10 killer bees
  2 jellies
  11 hounds
  A gnoll bouda (D:4)
  An iguana (D:7)
  An orc wizard (D:8)
  6 gnolls
  5 adders
  A white imp (D:8)
  3 dart slugs
  6 orcs
  3 bats
  4 endoplasms
  4 giant cockroaches
  7 hobgoblins
  7 jackals
  10 kobolds
  2 quokkas
  5 ball pythons
  A frilled lizard (D:1)
  5 goblins
  2 rats
120 creatures vanquished.

Vanquished Creatures (others)
  An orc wizard (D:3)
1 creature vanquished.

Grand Total: 121 creatures vanquished

Notes
Turn   | Place    | Note
-------+----------+-------------------------------------------
     0 | D:1      | senseless the Demigod Hunter began the quest for the Orb.
     0 | D:1      | Reached XP level 1. HP: 17/17 MP: 3/3
   237 | D:1      | Reached XP level 2. HP: 24/24 MP: 4/4
  1355 | D:3      | Reached XP level 3. HP: 30/30 MP: 5/5
  1570 | D:3      | Reached XP level 4. HP: 37/37 MP: 6/6
  1959 | D:3      | Found Ruwo's Book Shoppe.
  2067 | D:3      | Reached XP level 5. HP: 27/45 MP: 7/7
  2181 | D:4      | Noticed Sigmund
  2277 | D:4      | Reached XP level 6. HP: 52/52 MP: 8/8
  2287 | D:4      | Reached skill level 5 in Ranged Weapons
  2522 | D:4      | Killed Sigmund
  3521 | D:5      | Entered Level 5 of the Dungeon
  3548 | D:5      | Reached XP level 7. HP: 29/60 MP: 9/9
  3702 | D:5      | Identified the +2 hat "Seewkaibb" {Will+ Str+3}
  4142 | D:6      | Reached skill level 5 in Fighting
  4142 | D:6      | Reached skill level 5 in Dodging
  5124 | D:7      | Reached XP level 8. HP: 69/69 MP: 10/10
  5200 | D:7      | Found a staircase to the Ecumenical Temple.
  5922 | D:8      | Noticed Erica
  5931 | D:8      | Killed Erica
  6064 | D:8      | Reached XP level 9. HP: 78/78 MP: 11/11
  6487 | D:8      | Noticed Maggie
  6501 | D:8      | Killed Maggie
  6594 | D:8      | Noticed a two-headed ogre
  6613 | D:8      | Killed a two-headed ogre
  7023 | D:9      | Found a staircase to the Orcish Mines.
  7647 | D:9      | Noticed Erolcha
  7672 | D:9      | Slain by Erolcha

Illustrated notes

Levels and vault maps discovered:
D:1:      minmay_arrival_widening_spiral_narrow, layout_loops_ring,
          dreamdust_ecumenical_altar_grove
D:2:      layout_rooms
D:3:      layout_rooms, led_sif_book, serial_shops,
          nicolae_shop_real_fake_doors, nrook_campfire
D:4:      layout_layer_cave, mainiacjoe_overflow_big_doors, uniq_sigmund
D:5:      dreamdust_elfheim, layout_cave_pools, minmay_misc_feat_tower
D:6:      layout_loops_ring, grunt_gozag_statues
D:7:      layout_loops_ring, minmay_temple_entry_stoned_glass
D:8:      layout_loops_ring, lemuel_crystal_altar, kennysheep_generic_room_3,
          uniq_erica, uniq_maggie
D:9:      gammafunk_corrupted_shrine, layout_irregular_city,
          mainiacjoe_overflow_six_doors_small, nemelex_diamond_rough_becter,
          mainiacjoe_overflow_tiny_flanked, old_standard_altar,
          kennysheep_slug_shrine, orc_0_dummy, kennysheep_generic_room_9,
          uniq_erolcha

Skill      XL: |  1  2  3  4  5  6  7  8  9 |
---------------+----------------------------+-----
Dodging        | 2 3 4 5 6 8 |  8.0
Fighting       | 2 3 4 5 6 8 |  8.1
Ranged Weapons | 4 5 6 7 8 |  8.7
Stealth        | |  0.8

Action                     |  1- 3 |  4- 6 |  7- 9 || total
---------------------------+-------+-------+-------++-------
   Fire: Shortbow          |    95 |   146 |   310 ||   551
    Use: Scroll            |     8 |     1 |     7 ||    16
         Potion            |       |     1 |     1 ||     2
 Armour: Leather armour    |     3 |    34 |       ||    37
         Robe              |       |     7 |    59 ||    66
  Dodge: Dodged            |    22 |    49 |   196 ||   267

Table legend: (Time is in decaauts)
 A = Elapsed time spent in this place.
 B = Non-inter-level travel time spent in this place.
 C = Inter-level travel time spent in this place.
 D = Time resting spent in this place.
 E = Time spent auto-exploring this place.
 F = Levels seen in this place.
 G = Mean time per level.
                   A        B        C        D        E       F      G
               +--------+--------+--------+--------+--------+-----+--------+
         Total |   7732 |   7203 |    529 |    186 |   5972 |   9 |  859.1 |
       Dungeon |   7732 |   7203 |    529 |    186 |   5972 |   9 |  859.1 |
               +--------+--------+--------+--------+--------+-----+--------+

Top non-repeatable levels by time:
     D:4: 1364 daAuts
     D:8: 1253 daAuts
     D:6: 873 daAuts
     D:1: 858 daAuts
     D:7: 855 daAuts
     D:3: 841 daAuts
     D:5: 649 daAuts
     D:9: 532 daAuts
     D:2: 504 daAuts
